 Dungeon Crawl Stone Soup version 0.29-a0-878-g7b45a56547 (webtiles) character file.

Game seed: 16337079465783270792

1892 kosmolit the Shield-Bearer (level 9, -1/69 HPs)
             Began as a Human Fighter on July 20, 2022.
             Was a Believer of Okawaru.
             Slain by Pikel
             ... wielding a +1 whip of flaming
              (7 damage)
             ... on level 6 of the Dungeon.
             The game lasted 00:19:53 (7306 turns).

kosmolit the Shield-Bearer (Human Fighter)          Turns: 7306, Time: 00:19:53

Health: -1/69      AC: 20    Str: 21    XL:     9   Next: 37%
Magic:  11/12      EV:  8    Int:  8    God:    Okawaru [**....]
Gold:   219        SH:  7    Dex: 13    Spells: 8/8 levels left

rFire   . . .      SeeInvis .   r - +0 morningstar
rCold   . . .      Faith    .   c - +0 buckler
rNeg    + . .      Spirit   .   m - +0 plate armour
rPois   .          Reflect  .   (no helmet)
rElec   .          Harm     .   n - +2 cloak
rCorr   .          Rampage  .   (no gloves)
Will    .....                   j - +0 pair of boots
Stlth   ..........              (no amulet)
HPRegen 0.21/turn               k - ring of flight
MPRegen 0.13/turn               f - ring of positive energy

@: mighty, heroic, flying
A: no striking features
a: Renounce Religion, Heroism


You were on level 6 of the Dungeon.
You worshipped Okawaru.
Okawaru was pleased with you.
You visited 1 branch of the dungeon, and saw 6 of its levels.

You collected 219 gold pieces.

Inventory:

Hand Weapons
 a - a +1 flail
 r - a +0 morningstar (weapon)
Missiles
 p - 4 stones
Armour
 b - a +0 scale mail
 c - a +0 buckler (worn)
 j - a +0 pair of boots (worn)
 l - a +0 chain mail
 m - a +0 plate armour (worn)
 n - a +2 cloak (worn)
Jewellery
 f - a ring of positive energy (right hand)
 k - a ring of flight (left hand)
Wands
 q - a wand of light (6)
 t - a wand of mindburst (9) (quivered)
Scrolls
 e - 4 scrolls of teleportation
 g - 2 scrolls of immolation
 h - a scroll of identify
Potions
 d - 2 potions of might
 i - 5 potions of curing
 o - a potion of invisibility
 s - a potion of mutation
 u - a potion of lignification
 v - a potion of heal wounds


   Skills:
 + Level 6.0(11.0) Fighting
 + Level 5.5(10.5) Maces & Flails
 + Level 6.0(11.0) Armour
 + Level 6.0(11.0) Shields
 + Level 4.4 Invocations
 - Level 2.0 Evocations


You had 8 spell levels left.
You didn't know any spells.
Your spell library contained the following spells:

 Spells                   Type           Power      Damage    Failure   Level
 Apportation              Tloc           0%         N/A       100%        1
 Necrotise                Necr           0%         1d4       100%        1
 Portal Projectile        Hex/Tloc       0%         N/A       100%        3
 Blade Hands              Tmut           0%         N/A       100%        5
 Summon Small Mammal      Summ           Unusable   N/A       N/A         1
 Call Canine Familiar     Summ           Unusable   N/A       N/A         3
 Summon Guardian Golem    Hex/Summ       Unusable   N/A       N/A         3
 Tukima's Dance           Hex            Unusable   N/A       N/A         3

Dungeon Overview and Level Annotations

Branches:
Dungeon (6/15)             Temple (0/1) D:4

Altars:
Ashenzari
Okawaru
Uskayaw
Zin

Shops:
D:5 *   D:6 [

Annotations:
D:6 Pikel


Message History

Pikel hits you with a +1 whip of flaming.
Pikel burns you. The lemure hits you but does no damage.
You feel very mighty all of a sudden. The lemure hits you but does no damage.
Pikel hits you but does no damage. The lemure hits you but does no damage.
You gain the combat prowess of a mighty hero.
The lemure barely misses you. Pikel barely misses you.
The lemure hits you but does no damage.
You hit Pikel.
Pikel is heavily wounded.
The lemure hits you but does no damage.
Pikel hits you with a +1 whip of flaming.
Pikel burns you. The lemure hits you.
You thump Pikel!
Pikel is severely wounded.
You block the lemure's attack.
Pikel hits you with a +1 whip of flaming.
Pikel burns you. The lemure barely misses you.
You barely miss Pikel.
Pikel is severely wounded.
You block the lemure's attack.
Pikel hits you with a +1 whip of flaming.
Pikel burns you.
* * * LOW HITPOINT WARNING * * *
The lemure hits you but does no damage.
You barely miss Pikel.
Pikel is severely wounded.
The lemure hits you but does no damage. Pikel hits you but does no damage.
The lemure hits you!
* * * LOW HITPOINT WARNING * * *
You closely miss Pikel.
Pikel is severely wounded.
You block the lemure's attack. You block Pikel's attack.
The lemure hits you but does no damage.
You hit Pikel but do no damage.
Pikel is severely wounded.
The lemure hits you!
* * * LOW HITPOINT WARNING * * *
Pikel hits you with a +1 whip of flaming!
You die...

#.....5.# ##
##.####.# . .
####...###.########
##.
#............)....#
...
....##...###.######.#
## .######.## #.# #.#
# .5##.# #.# #.# ##.#
#K##5# #.# #)# ##.#
#.####@##.#
#.######.# ##.####
#.....55..#
#........# ......#
######.####
########.. ......##
#.# #...# .......#
#.# #.### ......# #.#
#######...# ......#
#.. ..........#
......# ###
#######...# .......#
#..##


You could see Pikel and 3 lemures.

Vanquished Creatures
  3 yaks
  A water moccasin (D:6)
  An orc warrior (D:5)
  3 black bears (D:5)
  An ice beast (D:5)
  A lemure (D:6)
  An ogre (D:6)
  A phantom (D:6)
  A necrophage (D:6)
  3 scorpions
  A howler monkey (D:6)
  3 orc priests
  A hound (D:5)
  An iguana (D:4)
  4 orc wizards
  8 adders
  A white imp (D:6)
  2 ufetubi
  A dart slug (D:1)
  33 orcs
  8 endoplasms
  2 giant cockroaches (D:2)
  10 goblins
  10 hobgoblins
  2 jackals (D:4)
  3 quokkas
  6 ball pythons
  5 bats (D:3)
  6 frilled lizards
  6 kobolds
  6 rats
135 creatures vanquished.

Vanquished Creatures (others)
  A kobold (D:4)
1 creature vanquished.

Grand Total: 136 creatures vanquished

Notes
Turn   | Place    | Note
-------+----------+-------------------------------------------
     0 | D:1      | kosmolit the Human Fighter began the quest for the Orb.
     0 | D:1      | Reached XP level 1. HP: 18/18 MP: 1/1
   198 | D:1      | Reached XP level 2. HP: 17/24 MP: 2/2
   377 | D:1      | Found a faded altar of an unknown god.
   807 | D:2      | Reached XP level 3. HP: 28/29 MP: 3/3
  1845 | D:2      | Reached XP level 4. HP: 34/35 MP: 4/4
  2368 | D:2      | Reached XP level 5. HP: 30/41 MP: 5/5
  2544 | D:3      | Reached skill level 1 in Evocations
  2852 | D:3      | Found a hide-covered altar of Uskayaw.
  2852 | D:3      | Noticed a +0 short sword
  2852 | D:3      | Noticed a +0 short sword
  2853 | D:3      | Noticed a +0 falchion
  2853 | D:3      | Noticed a +0 dagger
  2854 | D:3      | Noticed a +0 spear
  2854 | D:3      | Noticed a +0 falchion
  2855 | D:3      | Noticed a +0 spear
  2856 | D:3      | Noticed a +0 dagger
  3438 | D:4      | Reached XP level 6. HP: 41/48 MP: 6/6
  3926 | D:4      | Found an iron altar of Okawaru.
  3926 | D:4      | Found a broken altar of Ashenzari.
  3968 | D:4      | Became a worshipper of Warmaster Okawaru
  4227 | D:4      | Found a staircase to the Ecumenical Temple.
  4493 | D:5      | Entered Level 5 of the Dungeon
  4508 | D:5      | Noticed a black bear
  4578 | D:5      | Noticed an ogre
  4640 | D:5      | Noticed a black bear
  4651 | D:5      | Killed a black bear
  4652 | D:5      | Reached skill level 1 in Invocations
  4652 | D:5      | Reached XP level 7. HP: 51/55 MP: 7/7
  4699 | D:5      | Identified the +0 robe of the Game Afoot {rElec rN+}
  4966 | D:5      | Reached * piety under Okawaru
  5277 | D:5      | Reached XP level 8. HP: 51/61 MP: 9/9
  5355 | D:5      | Found a glowing silver altar of Zin.
  5356 | D:5      | Found Zin's Purification Station.
  5417 | D:5      | Reached skill level 5 in Armour
  5428 | D:5      | Reached skill level 5 in Fighting
  5428 | D:5      | Reached skill level 5 in Shields
  6027 | D:6      | Reached ** piety under Okawaru
  6147 | D:6      | Found Salyprac's Armour Shop.
  6265 | D:6      | Noticed a yak
  6266 | D:6      | Noticed a yak
  6279 | D:6      | Noticed a yak
  6293 | D:5      | Killed a yak
  6294 | D:5      | Reached skill level 5 in Maces & Flails
  6294 | D:5      | Reached XP level 9. HP: 28/68 MP: 11/11
  6961 | D:6      | Identified the +0 robe of a wizard's laboratory {-Cast +Inv
                  | rPois}
  7291 | D:6      | Noticed Pikel
  7306 | D:6      | Slain by Pikel

Illustrated notes

Levels and vault maps discovered:
D:1:      lemuel_arrival_room, layout_basic,
          shapermc_ecumenical_altar_mp_urbaneastern
D:2:      layout_basic, grunt_ministairs_15
D:3:      layout_basic, nicolae_uskayaw_en_pointe, kennysheep_generic_room_16
D:4:      layout_loops_ring, jmf_multi_god_temple, lemuel_temple_firewalk_b
D:5:      layout_basic, zin_purify
D:6:      layout_loops_ring, serial_shops, shop_statue, uniq_pikel

Skill      XL: |  1  2  3  4  5  6  7  8  9 |
---------------+----------------------------+-----
Evocations     | 1 2 |  2.0
Maces & Flails | 3 4 5 |  5.5
Armour         | 4 5 6 |  6.0
Fighting       | 4 5 6 |  6.0
Shields        | 4 5 6 |  6.0
Invocations    | 1 2 3 4 |  4.4

Action                   |  1- 3 |  4- 6 |  7- 9 || total
-------------------------+-------+-------+-------++-------
Melee: Flail             |   101 |   196 |   100 ||   397
       Morningstar       |       |       |   140 ||   140
Invok: Heroism           |       |       |     1 ||     1
Evoke: Wand              |       |       |     1 ||     1
  Use: Scroll            |     5 |     5 |     4 ||    14
       Potion            |       |       |     2 ||     2
 Stab: Invisible         |       |       |     1 ||     1
Armor: Scale mail        |    55 |    34 |       ||    89
       Plate armour      |       |    91 |   186 ||   277
Dodge: Dodged            |    27 |    64 |    74 ||   165
Block: Buckler           |    27 |    56 |    64 ||   147

Table legend: (Time is in decaauts)
 A = Elapsed time spent in this place.
 B = Non-inter-level travel time spent in this place.
 C = Inter-level travel time spent in this place.
 D = Time resting spent in this place.
 E = Time spent auto-exploring this place.
 F = Levels seen in this place.
 G = Mean time per level.
                   A        B        C        D        E       F      G
               +--------+--------+--------+--------+--------+-----+--------+
         Total |   7458 |   7015 |    443 |   1605 |   2484 |   6 | 1243.0 |
       Dungeon |   7458 |   7015 |    443 |   1605 |   2484 |   6 | 1243.0 |
               +--------+--------+--------+--------+--------+-----+--------+

Top non-repeatable levels by time:
     D:5: 1708 daAuts
     D:2: 1616 daAuts
     D:4: 1158 daAuts
     D:6: 1119 daAuts
     D:3: 1087 daAuts
     D:1: 767 daAuts
